 Dungeon Crawl Stone Soup version 0.30-a0-802-gb92711bcdf (webtiles) character file.

Game seed: 6888272158863399689

6985 demibob the Fencer (level 10, 0/83 HPs)
             Began as a Minotaur Fighter on Feb 24, 2023.
             Was an Initiate of Gozag.
             Slain by a basilisk (7 damage)
             ... while petrified by a basilisk
             ... on level 10 of the Dungeon.
             The game lasted 00:14:17 (9933 turns).

demibob the Fencer (Minotaur Fighter)               Turns: 9933, Time: 00:14:18

Health: 0/83       AC: 13    Str: 21    XL:     10   Next: 81%
Magic:  9/9        EV:  2    Int:  7    God:    Gozag
Gold:   827        SH:  0    Dex: 12    Spells: 9/9 levels left

rFire   . . .      SeeInvis +    b - +0 great sword (elec)
rCold   . . .      Faith    .    (shield currently unavailable)
rNeg    + + +      Spirit   .    e - +0 scale mail
rPois   ∞          Reflect  +    (helmet restricted)
rElec   .          Harm     .    t - +2 cloak
rCorr   .          Rampage  .    (no gloves)
Will    .....                    s - +1 pair of boots Stlth
                                 r - amulet of reflection
HPRegen 0.33/turn                v - ring of see invisible
MPRegen 0.11/turn                (no ring)

@: petrified, studying Polearms
A: horns 2, retaliatory headbutt
a: Renounce Religion, Potion Petition, Call Merchant, Bribe Branch


You were on level 10 of the Dungeon.
You worshipped Gozag.
Gozag was pleased with you.
You visited 2 branches of the dungeon, and saw 11 of its levels.

You collected 954 gold pieces.
You paid 127 gold pieces to Gozag.


Innate Abilities, Weirdness & Mutations

You have a pair of horns on your head.
You reflexively headbutt those who attack you in melee.


   Skills:
 - Level 6.2 Fighting
 + Level 17.4 Long Blades
 - Level 6.2 Armour
 - Level 4.4 Dodging
 - Level 3.6 Shields


You had 9 spell levels left.
You didn't know any spells.
Your spell library contained the following spells:

 Spells                   Type           Power      Damage    Failure   Level
 Vhi's Electric Charge    Tloc/Air       0%         N/A       98%         3
 Arcjolt                  Conj/Air       0%         1d10      100%        5
 Maxwell's Capacitive Co  Air            0%         ∞         100%        8

Inventory:

Hand Weapons
 a - a +1 long sword
 b - a +0 great sword of electrocution (weapon)
Missiles
 o - a throwing net {=f}
Armour
 e - a +0 scale mail (worn)
 s - a +1 pair of boots (worn)
 t - a +2 cloak (worn)
Jewellery
 r - an amulet of reflection (around neck)
 v - a ring of see invisible (left hand)
Wands
 i - a wand of digging (3)
 y - a wand of mindburst (6)
Scrolls
 g - 8 scrolls of teleportation {@r2}
 l - 4 scrolls of enchant armour
 w - 2 scrolls of magic mapping
Potions
 c - 3 potions of mutation
 d - a potion of might
 f - 3 potions of curing {@q1}
 h - a potion of resistance
 j - a potion of berserk rage {unknown}
 k - 2 potions of lignification
 m - a potion of degeneration
 n - 3 potions of attraction {unknown}
 p - a potion of magic
 q - a potion of haste {unknown}
 u - a potion of brilliance
 x - a potion of flight
 z - a potion of experience {unknown}

Dungeon Overview and Level Annotations

Branches:
Dungeon (10/15)            Temple (1/1) D:7            Lair (0/5) D:10
    Orc (0/2) D:9

Altars:
Ashenzari
Cheibriados
Dithmenos
Elyvilon
Fedhas
Gozag
Hepliaklqana
Kikubaaqudgha
Makhleb
Nemelex Xobeh
Okawaru
Qazlal
Ru
Sif Muna
Trog
Uskayaw
Vehumet
Wu Jian
Xom
Yredelemnul
Zin
The Shining One

Shops:
D:1 !   D:3 *   D:5 *   D:6 (

Portals:
Trove: D:10 (give 15 scrolls of teleportation)

...~≈~~~~..▒.#
#.##......⌠...#
............#######
##.#....###.......#
####.....#######.#
.. ##.........##
....#..P.....P..#
#..............P..#
#.#.....O@.>.......
#.#....lD....P..#
#.##...........## .
##.........## #
###.....###
.......# .......+
........#


You could see a two-headed ogre, a basilisk and an acid dragon.


Message History

The acid dragon completely misses you. The basilisk completely misses you.
The acid dragon bites you.
The acid dragon claws you but does no damage.
The basilisk gazes at you. You resist with some effort.
The acid dragon bites you but does no damage.
The acid dragon claws you. The basilisk bites you!
The acid dragon spits acid at you. The splash of acid hits you!!
* * * LOW HITPOINT WARNING * * *
The basilisk gazes at you.
The two-headed ogre hits you with a +0 giant club!!
* * * LOW HITPOINT WARNING * * *
The two-headed ogre hits you with a +0 giant club!
* * * LOW HITPOINT WARNING * * *
The acid dragon bites you but does no damage.
The acid dragon claws you but does no damage.
The basilisk bites you!
* * * LOW HITPOINT WARNING * * *
The acid dragon bites you!
* * * LOW HITPOINT WARNING * * *
The acid dragon claws you.
The two-headed ogre hits you with a +0 giant club!
* * * LOW HITPOINT WARNING * * *
The two-headed ogre hits you with a +0 giant club.
* * * LOW HITPOINT WARNING * * *
The basilisk bites you!
You die...
Your body crumbles into a pile of gold.

Skill      XL: |  1  2  3  4  5  6  7  8  9 10 |
---------------+-------------------------------+-----
Long Blades    | 3 4 5 6 7 9 11 14 17 | 17.4
Fighting       | 6 |  6.2
Armour         | 6 |  6.2
Dodging        | 4 |  4.4
Shields        | |  3.6

Action                     |  1- 3 |  4- 6 |  7- 9 | 10-12 || total
---------------------------+-------+-------+-------+-------++-------
  Melee: Long sword        |   101 |   182 |   312 |       ||   595
         Headbutt          |     9 |    26 |    68 |    25 ||   128
         Punch             |     1 |     1 |     4 |       ||     6
         Great sword       |       |       |    40 |   152 ||   192
  Evoke: Wand              |       |       |     2 |     4 ||     6
    Use: Scroll            |       |    14 |     8 |     3 ||    25
         Potion            |       |       |     7 |       ||     7
   Stab: Distracted        |       |       |     1 |     3 ||     4
 Armour: Scale mail        |    40 |   103 |   170 |    79 ||   392
  Dodge: Dodged            |    53 |    95 |   114 |   101 ||   363
  Block: Other             |       |       |    45 |    42 ||    87
         Reflection        |       |       |       |     2 ||     2

Levels and vault maps discovered:
D:1:      spicycebolla_arrival_xxxplode, layout_basic, serial_shops,
          nicolae_diamond_shop, minmay_rat_gold_closets
D:2:      layout_loops_ring, minmay_hexomino_c4
D:3:      layout_loops_corners, serial_shops, shop_statue,
          hellmonk_ecumenical_altar_leap_of_faith, nrook_campfire,
          minmay_three_crescents, uniq_crazy_yiuf_cottage, uniq_ijyb
D:4:      layout_basic
D:5:      layout_loops_ring, lightli_temple_of_fire, chequers_decorated_corner,
          nicolae_shop_sticking_my_neck_out
D:6:      minmay_opposing_rooms, layout_loops_ring, nicolae_overflow_squiral,
          nicolae_hepliaklqana_hazy_memory, zin_treasury, nicolae_stop_n_shop_1,
          st_stairs_6, grunt_ministairs_7, minmay_fountain_box,
          serial_bayou_lagoon_a, minmay_manual_monstrance, uniq_blork_the_orc
D:7:      layout_cave_pods, minmay_temple_entry_proselytizer
D:8:      layout_loops_cross
D:9:      layout_irregular_city, mainiacjoe_overflow_24_doors, orc_0_dummy
D:10:     minmay_chambers_of_sevens, layout_loops_corners,
          kiku_gazebo_pond_becter, david_lair_generic,
          nicolae_trove_entry_free_sample, amcnicky_mini_corridor_feature,
          uniq_erolcha
Temple:   minmay_freezing_vapour_temple

Notes
Turn   | Place    | Note
-------+----------+-------------------------------------------
     0 | D:1      | demibob the Minotaur Fighter began the quest for the Orb.
     0 | D:1      | Reached XP level 1. HP: 19/19 MP: 0/0
    32 | D:1      | Reached skill level 3 in Long Blades
    39 | D:1      | Reached XP level 2. HP: 25/26 MP: 1/1
   192 | D:1      | Found Daukhlyod's Distillery.
   373 | D:1      | Reached skill level 4 in Long Blades
   665 | D:1      | Reached XP level 3. HP: 31/31 MP: 2/2
  1130 | D:2      | Reached skill level 5 in Long Blades
  1343 | D:2      | Reached XP level 4. HP: 39/39 MP: 3/3
  1709 | D:2      | Identified a potion of resistance
  1773 | D:3      | Reached skill level 6 in Long Blades
  1891 | D:3      | Noticed Ijyb
  1903 | D:3      | Killed Ijyb
  1904 | D:3      | Reached XP level 5. HP: 10/45 MP: 4/4
  2062 | D:3      | Found Xeucvu's Assorted Antiques.
  2619 | D:3      | Found a faded altar of an unknown god.
  2842 | D:3      | Found a runed translucent door.
  2843 | D:3      | Noticed Crazy Yiuf
  2849 | D:3      | Killed Crazy Yiuf
  2850 | D:3      | Reached skill level 7 in Long Blades
  3302 | D:4      | Reached XP level 6. HP: 50/51 MP: 5/5
  3403 | D:4      | Reached skill level 8 in Long Blades
  3656 | D:5      | Entered Level 5 of the Dungeon
  3734 | D:5      | Reached skill level 9 in Long Blades
  3882 | D:5      | Found Lemn's Neck Hole.
  3974 | D:5      | Reached XP level 7. HP: 45/57 MP: 6/6
  4212 | D:5      | Reached skill level 10 in Long Blades
  4796 | D:5      | Found a bloodstained altar of Trog.
  4814 | D:6      | Reached skill level 11 in Long Blades
  4825 | D:6      | Reached XP level 8. HP: 58/64 MP: 7/7
  4872 | D:6      | Noticed a cyclops
  4883 | D:6      | Killed a cyclops
  4884 | D:6      | Reached skill level 13 in Long Blades
  4886 | D:6      | Noticed Blork the orc
  4897 | D:6      | Killed Blork the orc
  5024 | D:6      | Found Ymmair's Antique Weapon Emporium.
  5103 | D:6      | Found a glowing golden altar of the Shining One.
  5106 | D:6      | Found a broken altar of Ashenzari.
  5485 | D:6      | Reached skill level 14 in Long Blades
  5485 | D:6      | Reached XP level 9. HP: 33/70 MP: 8/8
  5680 | D:6      | Found a hazy altar of Hepliaklqana.
  5766 | D:6      | Reached skill level 4 in Fighting
  5766 | D:6      | Reached skill level 4 in Armour
  5766 | D:6      | Reached skill level 1 in Dodging
  5913 | D:6      | Found a glowing silver altar of Zin.
  5940 | D:6      | Reached skill level 2 in Dodging
  6215 | D:6      | Killed an unseen horror
  6216 | D:6      | Reached skill level 5 in Fighting
  6216 | D:6      | Reached skill level 5 in Armour
  6216 | D:6      | Reached skill level 3 in Dodging
  6698 | D:7      | Reached skill level 4 in Dodging
  6704 | D:7      | Reached skill level 6 in Fighting
  6708 | D:7      | Reached skill level 6 in Armour
  6850 | D:7      | Found a staircase to the Ecumenical Temple.
  6861 | Temple   | Entered the Ecumenical Temple
  6866 | Temple   | Became a worshipper of Gozag Ym Sagoz the Greedy
  7199 | D:7      | Reached XP level 10. HP: 83/83 MP: 9/9
  7827 | D:8      | Reached skill level 15 in Long Blades
  8746 | D:9      | Found a staircase to the Orcish Mines.
  8926 | D:9      | Reached skill level 16 in Long Blades
  9435 | D:9      | Found an iron altar of Okawaru.
  9697 | D:10     | Entered Level 10 of the Dungeon
  9697 | D:10     | Found a portal to a secret trove of treasure.
  9803 | D:10     | Found an ancient bone altar of Kikubaaqudgha.
  9803 | D:10     | Noticed a two-headed ogre
  9819 | D:10     | Killed a two-headed ogre
  9820 | D:10     | Reached skill level 17 in Long Blades
  9901 | D:10     | Found a staircase to the Lair.
  9909 | D:10     | Noticed a two-headed ogre
  9932 | D:10     | HP: 6/83 [two-headed ogre/+0 giant club (3)]
  9933 | D:10     | Slain by a basilisk

Vanquished Creatures
  A two-headed ogre (D:10)
  A cyclops (D:6)
  An unseen horror (D:6)
  A komodo dragon (D:10)
  A troll (D:9)
  A wraith (D:6)
  A yak (D:10)
  A wyvern (D:7)
  A basilisk (D:10)
  A water moccasin (D:5)
  A black bear (D:5)
  2 orc warriors
  An ice beast (D:6)
  3 sky beasts
  3 centaurs (D:9)
  A phantom (D:6)
  An ogre (D:6)
  Blork the orc (D:6)
  3 necrophages
  A bullfrog (D:7)
  A scorpion (D:4)
  3 gnoll sergeants
  17 wights
  14 killer bees
  2 electric eels (D:6)
  3 howler monkeys
  3 jellies
  3 gnoll boudas
  6 orc priests
  8 hounds
  Crazy Yiuf (D:3)
  5 iguanas
  Ijyb (D:3)
  4 orc wizards
  22 gnolls
  12 adders
  2 shadow imps
  4 white imps
  2 ufetubi (D:6)
  A worm (D:2)
  4 dart slugs
  29 orcs
  3 ball pythons
  9 endoplasms
  6 giant cockroaches
  4 goblins
  7 hobgoblins
  7 kobolds
  4 quokkas
  7 bats
  5 frilled lizards
  15 rats
241 creatures vanquished.

Vanquished Creatures (others)
  A ball python (D:3)
  39 plants (D:6)
40 creatures vanquished.

Grand Total: 281 creatures vanquished

Table legend: (Time is in decaauts)
 A = Elapsed time spent in this place.
 B = Non-inter-level travel time spent in this place.
 C = Inter-level travel time spent in this place.
 D = Time resting spent in this place.
 E = Time spent auto-exploring this place.
 F = Levels seen in this place.
 G = Mean time per level.
                   A        B        C        D        E       F      G
               +--------+--------+--------+--------+--------+-----+--------+
         Total |   9898 |   9606 |    292 |    264 |   7817 |  11 |  899.8 |
       Dungeon |   9887 |   9601 |    286 |    264 |   7817 |  10 |  988.7 |
        Temple |     10 |      5 |      5 |      0 |      0 |   1 |   10.0 |
               +--------+--------+--------+--------+--------+-----+--------+

Top non-repeatable levels by time:
     D:6: 1826 daAuts
     D:3: 1225 daAuts
     D:5: 1141 daAuts
     D:7: 1122 daAuts
     D:9: 1050 daAuts
     D:1: 981 daAuts
     D:8: 827 daAuts
     D:2: 772 daAuts
     D:4: 704 daAuts
    D:10: 236 daAuts
  Temple: 10 daAuts

Table legend:
 A = Non-vault XP
 B = Vault XP
 C = Vault XP percentage of total XP
 D = Non-vault monster count
 E = Vault monster count
 F = Vault count percentage of total count
                 A         B        C        D         E       F
            +---------+---------+-------+---------+---------+-------
      Total |    7466 |    2513 |  25.2 |     195 |      46 |  19.1
            +---------+---------+-------+---------+---------+-------
        D:1 |      39 |       9 |  18.8 |      24 |       9 |  27.3
        D:2 |      62 |      26 |  29.5 |      16 |       7 |  30.4
        D:3 |      32 |     119 |  78.8 |      11 |       8 |  42.1
        D:4 |     246 |       0 |   0.0 |      24 |       0 |   0.0
        D:5 |     743 |       0 |   0.0 |      19 |       0 |   0.0
        D:6 |    1147 |    1933 |  62.8 |      22 |      19 |  46.3
        D:7 |    1451 |      41 |   2.7 |      35 |       1 |   2.8
        D:8 |    1076 |       0 |   0.0 |      20 |       0 |   0.0
        D:9 |    1476 |       0 |   0.0 |      22 |       0 |   0.0
       D:10 |    1194 |     385 |  24.4 |       2 |       2 |  50.0
            +---------+---------+-------+---------+---------+-------
